[ AOE2 MATCH · #513857958 ]
UnrankedGurjaras vs Berbers
Player's team · LOSS
Rival team · WIN
[ REPLAY ANALYSIS · EXTRACTED FROM THE RECORDED GAME ]
Feudal
14:28
Castle
18:58
Imperial
—
| APM avg | 26.5 |
| APM peak | 44 |
| eAPM avg | 17.3 |
| Villagers / military | 59 / 18 |
Focus
⚔️ 35.2% · 🌾 64.8%
Fishing Ship ×9 · Hulk ×4 · Fire Galley ×4 · Galley ×3 · Chakram Thrower ×3 · Armored Elephant ×3
Feudal
13:21
Castle
17:52
Imperial
—
| APM avg | 26.4 |
| APM peak | 47 |
| eAPM avg | 17.2 |
| Villagers / military | 62 / 30 |
Focus
⚔️ 30.2% · 🌾 69.8%
Fishing Ship ×16 · Camel Archer ×13 · Hulk ×10 · Mangonel ×3 · Galley ×2 · Monk ×1
Match map
Initial resources + every placement click. Lines = walls · curves = elevation contours. ◆ gold · ⬟ stone · ● berries · ✦ relic · ◌ wall gap
Your base· Open — unwalled flank
ChavezTRC's base· Open — unwalled flank
Smoothed initial terrain · ◌ = detected wall gap · hover for details
Inputs per minute
— ianhi5415 - - ChavezTRC
Build order — ianhi5415
150 actions detected in the replay
| 0:18 | Build | Town Center |
| 1:17 | Build | House |
| 2:28 | Queue | Villager (Male) |
| 2:28 | Queue | Villager (Male) |
| 2:28 | Queue | Villager (Male) |
| 2:28 | Queue | Villager (Male) |
| 4:02 | Queue | Villager (Male) |
| 4:29 | Queue | Villager (Male) |
| 4:32 | Build | Dock |
| 4:35 | Build | House |
| 4:59 | Queue | Villager (Male) |
| 5:29 | Queue | Villager (Male) |
| 5:45 | Queue | Fishing Ship |
| 5:59 | Queue | Villager (Male) |
| 6:19 | Queue | Villager (Male) |
| 6:27 | Build | House |
| 6:38 | Queue | Villager (Male) |
| 7:10 | Queue | Villager (Male) |
| 7:11 | Queue | Villager (Male) |
| 7:11 | Queue | Villager (Male) |
| 7:27 | Queue | Fishing Ship |
| 7:54 | Build | House |
| 8:00 | Queue | Villager (Male) |
| 8:20 | Queue | Villager (Male) |
| 8:37 | Queue | Fishing Ship |
| 8:54 | Queue | Villager (Male) |
| 8:54 | Queue | Villager (Male) |
| 9:29 | Build | Lumber Camp |
| 9:33 | Queue | Villager (Male) |
| 9:52 | Queue | Fishing Ship |
| 10:07 | Build | House |
| 10:09 | Queue | Villager (Male) |
| 10:09 | Queue | Villager (Male) |
| 10:13 | Research | Loom |
| 10:28 | Queue | Villager (Male) |
| 10:33 | Queue | Fishing Ship |
| 10:45 | Build | Outpost |
| 10:49 | Queue | Villager (Male) |
| 11:08 | Queue | Villager (Male) |
| 11:17 | Build | House |
| 11:22 | Queue | Fishing Ship |
| 11:36 | Queue | Fishing Ship |
| 11:42 | Queue | Villager (Male) |
| 11:55 | Research | Feudal Age |
| 12:19 | Build | Mining Camp |
| 12:23 | Queue | Villager (Male) |
| 12:31 | Build | House |
| 12:44 | Build | Dock |
| 13:16 | Queue | Fishing Ship |
| 13:48 | Queue | Villager (Male) |
| 14:28 | Age | Feudal Age |
| 14:36 | Build | Mill |
| 14:42 | Build | Blacksmith |
| 15:25 | Build | Market |
| 15:28 | Queue | Villager (Male) |
| 15:29 | Queue | Villager (Male) |
| 15:36 | Research | Double-Bit Axe |
| 15:36 | Research | Double-Bit Axe |
| 16:04 | Build | House |
| 16:05 | Build | Palisade Wall |
| 16:09 | Research | Castle Age |
| 16:15 | Build | House |
| 16:17 | Build | Palisade Wall |
| 16:20 | Build | Palisade Wall |
| 16:26 | Queue | Hulk |
| 16:54 | Research | Stone Mining |
| 16:54 | Research | Stone Mining |
| 17:19 | Build | Barracks |
| 17:33 | Queue | Villager (Male) |
| 18:07 | Research | Gold Mining |
| 18:11 | Queue | Villager (Male) |
| 18:31 | Queue | Hulk |
| 18:50 | Build | Dock |
| 18:58 | Age | Castle Age |
| 19:01 | Build | Castle |
| 19:04 | Queue | Villager (Male) |
| 19:10 | Research | Fletching |
| 19:10 | Research | Fletching |
| 19:19 | Queue | Fishing Ship |
| 19:42 | Research | Scale Mail Armor |
| 19:43 | Research | Scale Mail Armor |
| 19:56 | Queue | Villager (Male) |
| 19:57 | Queue | Villager (Male) |
| 20:00 | Queue | Chakram Thrower |
| 20:00 | Queue | Chakram Thrower |
| 20:37 | Build | Town Center |
| 20:43 | Queue | Hulk |
| 20:49 | Queue | Villager (Male) |
| 20:49 | Queue | Villager (Male) |
| 20:49 | Queue | Villager (Male) |
| 21:16 | Build | Siege Workshop |
| 21:19 | Build | Palisade Wall |
| 21:21 | Queue | Villager (Male) |
| 21:28 | Build | House |
| 21:37 | Queue | Villager (Male) |
| 21:43 | Queue | Chakram Thrower |
| 21:57 | Queue | Armored Elephant |
| 22:00 | Build | Palisade Wall |
| 22:10 | Build | Mill |
| 22:12 | Queue | Villager (Male) |
| 22:12 | Queue | Villager (Male) |
| 22:26 | Build | Monastery |
| 22:39 | Queue | Fire Galley |
| 22:50 | Queue | Villager (Male) |
| 22:59 | Queue | Villager (Male) |
| 23:02 | Research | War Galley (upgrade) |
| 23:02 | Research | War Galley (upgrade) |
| 23:18 | Queue | Monk |
| 23:24 | Queue | Fire Galley |
| 23:24 | Queue | Fire Galley |
| 23:27 | Queue | Villager (Male) |
| 23:37 | Build | Outpost |
| 23:38 | Queue | Villager (Male) |
| 23:41 | Queue | Armored Elephant |
| 23:46 | Queue | Fire Galley |
| 23:47 | Queue | Villager (Male) |
| 24:06 | Queue | Hulk |
| 24:10 | Queue | Villager (Male) |
| 24:19 | Queue | Villager (Male) |
| 24:28 | Build | Farm |
| 24:29 | Build | Farm |
| 24:29 | Build | Farm |
| 24:29 | Build | Farm |
| 24:29 | Build | Farm |
| 24:32 | Queue | Villager (Male) |
| 24:32 | Queue | Villager (Male) |
| 24:38 | Queue | Villager (Male) |
| 24:41 | Build | Outpost |
| 24:51 | Queue | Armored Elephant |
| 25:06 | Queue | Villager (Male) |
| 25:16 | Queue | Villager (Male) |
| 25:19 | Build | Market |
| 25:22 | Research | Town Watch |
| 25:29 | Queue | Villager (Male) |
| 25:29 | Queue | Villager (Male) |
| 25:41 | Build | House |
| 25:48 | Research | Wheelbarrow |
| 25:48 | Research | Wheelbarrow |
| 25:52 | Build | House |
| 25:56 | Queue | Villager (Male) |
| 26:09 | Build | Watch Tower |
| 26:25 | Build | Outpost |
| 26:27 | Queue | Villager (Male) |
| 26:38 | Research | Horse Collar |
| 26:38 | Research | Horse Collar |
| 26:44 | Queue | Villager (Male) |
| 26:58 | Queue | Villager (Male) |
| 27:00 | Queue | Galley |
| 27:00 | Queue | Galley |
| 27:01 | Queue | Galley |
Build order — ChavezTRC
First 150 of 168 actions detected
| 0:13 | Build | Town Center |
| 2:01 | Queue | Villager (Male) |
| 2:01 | Queue | Villager (Male) |
| 2:01 | Queue | Villager (Male) |
| 2:01 | Queue | Villager (Male) |
| 2:04 | Build | House |
| 2:41 | Research | Loom |
| 2:46 | Queue | Villager (Male) |
| 2:46 | Queue | Villager (Male) |
| 2:59 | Build | Dock |
| 3:36 | Queue | Fishing Ship |
| 3:36 | Queue | Fishing Ship |
| 3:45 | Build | House |
| 4:16 | Queue | Villager (Male) |
| 4:16 | Queue | Villager (Male) |
| 4:46 | Queue | Villager (Male) |
| 4:46 | Queue | Villager (Male) |
| 5:10 | Queue | Villager (Male) |
| 5:29 | Queue | Villager (Male) |
| 5:30 | Queue | Villager (Male) |
| 5:57 | Queue | Villager (Male) |
| 5:57 | Queue | Villager (Male) |
| 5:59 | Queue | Fishing Ship |
| 5:59 | Queue | Fishing Ship |
| 6:23 | Queue | Villager (Male) |
| 6:24 | Queue | Villager (Male) |
| 6:24 | Queue | Villager (Male) |
| 6:24 | Queue | Villager (Male) |
| 6:34 | Queue | Villager (Male) |
| 6:42 | Build | House |
| 6:55 | Queue | Villager (Male) |
| 6:55 | Queue | Villager (Male) |
| 7:16 | Queue | Fishing Ship |
| 7:16 | Queue | Fishing Ship |
| 7:41 | Build | House |
| 7:43 | Queue | Villager (Male) |
| 7:43 | Queue | Villager (Male) |
| 7:44 | Queue | Villager (Male) |
| 8:05 | Build | House |
| 8:07 | Queue | Villager (Male) |
| 8:30 | Queue | Villager (Male) |
| 8:30 | Queue | Villager (Male) |
| 8:30 | Queue | Villager (Male) |
| 8:41 | Build | House |
| 8:54 | Queue | Fishing Ship |
| 9:25 | Queue | Fishing Ship |
| 9:46 | Queue | Fishing Ship |
| 10:05 | Build | Lumber Camp |
| 10:44 | Research | Feudal Age |
| 10:58 | Build | Dock |
| 11:15 | Queue | Villager (Male) |
| 11:38 | Build | Mill |
| 11:42 | Build | House |
| 11:43 | Build | House |
| 12:06 | Queue | Fishing Ship |
| 12:19 | Queue | Fishing Ship |
| 12:19 | Queue | Fishing Ship |
| 12:51 | Build | Mining Camp |
| 13:01 | Queue | Fishing Ship |
| 13:01 | Queue | Fishing Ship |
| 13:01 | Queue | Fishing Ship |
| 13:16 | Queue | Fishing Ship |
| 13:21 | Age | Feudal Age |
| 13:54 | Build | Market |
| 13:57 | Queue | Villager (Male) |
| 14:01 | Queue | Villager (Male) |
| 14:26 | Build | Blacksmith |
| 14:47 | Queue | Villager (Male) |
| 14:52 | Research | Castle Age |
| 14:52 | Research | Castle Age |
| 14:55 | Build | Mining Camp |
| 15:13 | Research | Double-Bit Axe |
| 15:36 | Research | Stone Mining |
| 15:49 | Build | House |
| 15:59 | Queue | Villager (Male) |
| 16:32 | Build | Dock |
| 16:44 | Research | Fletching |
| 17:22 | Build | Outpost |
| 17:52 | Age | Castle Age |
| 17:54 | Build | Castle |
| 17:58 | Queue | Villager (Male) |
| 18:14 | Build | Town Center |
| 18:24 | Queue | Hulk |
| 18:33 | Queue | Villager (Male) |
| 18:57 | Build | Lumber Camp |
| 18:59 | Queue | Villager (Male) |
| 19:11 | Queue | Villager (Male) |
| 19:16 | Queue | Camel Archer |
| 19:38 | Queue | Villager (Male) |
| 19:48 | Research | Gold Mining |
| 19:56 | Queue | Hulk |
| 20:05 | Queue | Galley |
| 20:20 | Queue | Hulk |
| 20:20 | Queue | Hulk |
| 20:21 | Queue | Villager (Male) |
| 20:39 | Queue | Villager (Male) |
| 20:40 | Research | Town Watch |
| 20:46 | Build | House |
| 20:47 | Build | House |
| 20:55 | Research | War Galley (upgrade) |
| 21:08 | Queue | Villager (Male) |
| 21:09 | Research | Wheelbarrow |
| 21:10 | Queue | Villager (Male) |
| 21:10 | Queue | Villager (Male) |
| 21:31 | Build | Dock |
| 21:36 | Research | Fishing Lines |
| 21:41 | Queue | Villager (Male) |
| 21:44 | Queue | Camel Archer |
| 21:44 | Queue | Camel Archer |
| 21:54 | Queue | Villager (Male) |
| 21:54 | Queue | Villager (Male) |
| 21:55 | Queue | Villager (Male) |
| 22:04 | Build | Outpost |
| 22:12 | Queue | Hulk |
| 22:12 | Queue | Hulk |
| 22:18 | Queue | Camel Archer |
| 22:18 | Queue | Camel Archer |
| 22:18 | Queue | Camel Archer |
| 22:27 | Queue | Villager (Male) |
| 22:28 | Queue | Villager (Male) |
| 22:28 | Queue | Villager (Male) |
| 22:33 | Build | Lumber Camp |
| 22:44 | Queue | Villager (Male) |
| 22:45 | Queue | Villager (Male) |
| 22:45 | Queue | Villager (Male) |
| 22:56 | Queue | Camel Archer |
| 22:56 | Queue | Camel Archer |
| 22:56 | Queue | Camel Archer |
| 22:56 | Queue | Camel Archer |
| 23:17 | Build | Dock |
| 23:22 | Queue | Villager (Male) |
| 23:38 | Build | Siege Workshop |
| 23:42 | Queue | Villager (Male) |
| 23:56 | Research | Horse Collar |
| 23:58 | Research | Bodkin Arrow |
| 23:58 | Research | Bodkin Arrow |
| 24:11 | Queue | Hulk ×2 |
| 24:11 | Queue | Hulk ×2 |
| 24:12 | Queue | Villager (Male) |
| 24:15 | Queue | Camel Archer |
| 24:15 | Queue | Camel Archer |
| 24:15 | Queue | Camel Archer |
| 24:27 | Queue | Villager (Male) |
| 24:41 | Build | Monastery |
| 24:48 | Build | House |
| 24:48 | Build | House |
| 24:49 | Build | House |
| 24:57 | Queue | Galley |
| 24:58 | Queue | Villager (Male) |
| 25:12 | Queue | Mangonel |
Match timeline
| 2:59 | ChavezTRC · first_building Dock |
| 4:32 | ianhi5415 · first_building Dock |
| 13:21 | ChavezTRC · age_up feudal |
| 14:28 | ianhi5415 · age_up feudal |
| 16:05 | ianhi5415 · wall_segment Palisade Wall x1 |
| 16:17 | ianhi5415 · wall_segment Palisade Wall x3 |
| 16:20 | ianhi5415 · wall_segment Palisade Wall x3 |
| 16:59 | ChavezTRC · first_market_sell 100 food |
| 16:59 | ianhi5415 · first_market_sell 100 food |
| 17:00 | ChavezTRC · first_market_buy 100 stone |
| 17:00 | ianhi5415 · first_market_buy 100 wood |
| 17:19 | ianhi5415 · first_building Barracks |
| 17:52 | ChavezTRC · age_up castle |
| 17:54 | ChavezTRC · first_building Castle |
| 18:58 | ianhi5415 · age_up castle |
| 19:01 | ianhi5415 · first_building Castle |
| 21:16 | ianhi5415 · first_building Siege Workshop |
| 21:19 | ianhi5415 · wall_segment Palisade Wall x7 |
| 22:00 | ianhi5415 · wall_segment Palisade Wall x1 |
| 22:26 | ianhi5415 · first_building Monastery |
| 23:38 | ChavezTRC · first_building Siege Workshop |
| 24:41 | ChavezTRC · first_building Monastery |
| 27:26 | ianhi5415 · resign |
[ AI ANALYSIS · 1 CREDIT ]
What really happened in this match?
Wolo.gg analyzes every decision: build order, eco, micro, common mistakes by bracket. Personalized analysis on WhatsApp or Discord in 30 seconds.
Civ guide
Gurjaras
Perfil
Jugador #467592